 Dungeon Crawl Stone Soup version 0.29.1 (webtiles) character file.

Game seed: 3996872466852201070

18 raistware the Conjurer (level 2, -4/17 HPs)
             Began as an Octopode Conjurer on Sept 12, 2022.
             Slain by a goblin
             ... wielding a +0 club
              (5 damage)
             ... on level 1 of the Dungeon.
             The game lasted 00:00:45 (513 turns).

raistware the Conjurer (Octopode Conjurer)           Turns: 513, Time: 00:00:46

Health: -4/17      AC:  1    Str:  6    XL:     2   Next: 70%
Magic:  3/6        EV: 13    Int: 20    God:
Gold:   26         SH:  0    Dex: 10    Spells: 6/7 levels left

rFire   . . .      SeeInvis .   (no weapon)
rCold   . . .      Faith    .   (no shield)
rNeg    . . .      Spirit   .   (helmet restricted)
rPois   .          Reflect  .   (no amulet)
rElec   .          Harm     .   (no ring)
rCorr   .          Rampage  .   (no ring)
Will    .....                   (no ring)
Stlth   +++.......              (no ring)
HPRegen 0.05/turn               (no ring)
MPRegen 0.10/turn               (no ring)
                                (no ring)
                                (no ring)

@: no status effects
A: almost no armour, amphibious, 8 rings, camouflage 1, gelatinous body 1,
(nimble swimmer 1), tentacles
a: no special abilities


You were on level 1 of the Dungeon.
You visited 1 branch of the dungeon, and saw 1 of its levels.

You collected 26 gold pieces.

Inventory:

Scrolls
 c - a scroll of summoning {unknown}
 d - a scroll of identify {unknown}
 g - a scroll of vulnerability {unknown}
Potions
 b - a potion of ambrosia {unknown}
 e - a potion of mutation {unknown}
 f - 2 potions of heal wounds {unknown}


   Skills:
 - Level 2.0 Dodging
 - Level 2.6 Stealth
 + Level 3.0 Spellcasting
 - Level 4.0 Conjurations


You had 6 spell levels left.
You knew the following spells:

 Your Spells              Type           Power      Damage    Failure   Level
a - Magic Dart            Conj           76%        1d6       2%          1

Your spell library contained the following spells:

 Spells                   Type           Power      Damage    Failure   Level
 Searing Ray              Conj           38%        2d5       4%          2
 Dazzling Flash           Conj/Hex       22%        N/A       19%         3
 Fulminant Prism          Conj/Hex       5%         3d7       52%         4
 Iskenderun's Mystic Bla  Conj/Tloc      11%        2d4       52%         4


Dungeon Overview and Level Annotations

Branches:
Dungeon (1/15)

Altars:


Innate Abilities, Weirdness & Mutations

You cannot wear most types of armour.
You are amphibious.
You can wear up to eight rings at the same time.
Your skin changes colour to match your surroundings (Stealth+).
Your rubbery body absorbs attacks. (AC +1, EV +1)
((You are camouflaged when in or above water. (Stealth+)))
You have tentacles for arms and can constrict up to eight enemies at once.


Message History

The jackal barely misses you. The ball python barely misses you.
The ball python grabs you. The ball python constricts you.
You closely miss the jackal. You grab the jackal.
The jackal is almost dead.
You constrict the jackal.
You kill the jackal!
The ball python bites you. The ball python constricts you.
The jackal barely misses you.
Unknown command.
You barely miss the ball python. You grab the ball python.
You constrict the ball python. The jackal barely misses you.
The ball python bites you. The ball python constricts you.
You tentacle-slap the ball python but do no damage.
The ball python is moderately wounded.
You constrict the ball python. The jackal bites you.
* * * LOW HITPOINT WARNING * * *
The ball python closely misses you. The ball python constricts you.
* * * LOW HITPOINT WARNING * * *
The jackal bites you.
* * * LOW HITPOINT WARNING * * *
Magic courses through your body.
You constrict the ball python.
You kill the ball python!
Your Spellcasting skill increases to level 3!
Casting: Magic Dart (safe; 2% risk of failure)
Confirm with . or Enter, or press ? or * to list all spells.
Aiming: Magic Dart (safe; 2% risk of failure)
Press: ? - help, Shift-Dir - straight line, f - jackal
Aim: a jackal (100% to hit)
The magic dart hits the jackal.
You kill the jackal!
The jackal misses you.
Casting: Magic Dart (safe; 2% risk of failure)
Confirm with . or Enter, or press ? or * to list all spells.
Aiming: Magic Dart (safe; 2% risk of failure)
Press: ? - help, Shift-Dir - straight line, f - goblin
Aim: a goblin, wielding a +0 club (100% to hit)
The magic dart hits the goblin.
The goblin is heavily wounded.
The jackal barely misses you. x2; The goblin hits you with a +0 club.
You die...

.....#....# #.......#
.....#.#### #########+#######
#.#..#.# #............. #......#
####### #............. .......#
#.....# #............. #####.###
#.....# #.............
##......###.....# #...g.........
................###............?
##...#####......@g#.............
##...# #......#hK.............
##...# #.######h..............
###### .... ##...........#.. #
#.... #>..........# . #####
#..... ##..........# ......
...... #..........# ######
#..........# #........


You could see 2 jackals, a goblin and a kobold.

Vanquished Creatures
  A dart slug (D:1)
  4 ball pythons (D:1)
  2 endoplasms (D:1)
  2 goblins (D:1)
  A hobgoblin (D:1)
  2 jackals (D:1)
  A bat (D:1)
  A rat (D:1)
14 creatures vanquished.

Notes
Turn   | Place    | Note
-------+----------+-------------------------------------------
     0 | D:1      | raistware the Octopode Conjurer began the quest for the
                  | Orb.
     0 | D:1      | Reached XP level 1. HP: 11/11 MP: 3/3
   221 | D:1      | Reached XP level 2. HP: 17/17 MP: 3/5
   513 | D:1      | Slain by a goblin

Illustrated notes

Levels and vault maps discovered:
D:1:      dpeg_arrival_leaves_temple_mockup, layout_basic

Skill      XL: |  1  2 |
---------------+-------+-----
Spellcasting   | 3 |  3.0
Dodging        | |  2.0
Stealth        | |  2.6
Conjurations   | |  4.0

Action                   || total
-------------------------++-------
Melee: Unarmed           ||     5
       Constrict         ||     4
       Tentacles         ||     2
 Cast: Magic Dart        ||    26
  Use: Potion            ||     1
Dodge: Dodged            ||    12
